 Dungeon Crawl Stone Soup version 0.17-a0-1798-g879a7aa (webtiles) character file.

135 TruthSerum the Cudgeler (level 5, -2/55 HPs)
             Began as an Ogre Gladiator on Sept 11, 2015.
             Killed from afar by an orc wizard (9 damage)
             ... with a puff of flame
             ... on level 4 of the Dungeon.
             The game lasted 00:07:24 (2277 turns).

TruthSerum the Cudgeler (Ogre Gladiator)            Turns: 2277, Time: 00:07:24

Health: -2/55      AC:  3    Str: 20    XL:     5   Next: 18%
Magic:  6/6        EV: 10    Int:  7    God:
Gold:   213        SH:  0    Dex: 11    Spells: 0 memorised, 4 levels left

rFire  . . .     SeeInvis .     a - +1 flail
rCold  . . .     Clarity  .     b - +0 robe
rNeg   . . .     SustAt   .     (no shield)
rPois  .         Gourm    .     c - +0 hat
rElec  .         Spirit   .     (no cloak)
rCorr  .         Warding  .     (gloves unavailable)
rMut   .         Stasis   .     (boots unavailable)
MR     .....                    o - amulet of regeneration
Stlth  +.........               (no ring)
                                (no ring)

@: not resistant to hostile enchantments, very unstealthy
A: unfitting armour, tough skin 1
a: no special abilities


You were on level 4 of the Dungeon.
You were not hungry.

You visited 1 branch of the dungeon, and saw 4 of its levels.

You collected 213 gold pieces.

Inventory:

Hand weapons
 a - a +1 flail (weapon)
Missiles
 d - 3 throwing nets (quivered)
Armour
 b - a +0 robe (worn)
 c - a +0 hat (worn)
Jewellery
 o - an amulet of regeneration (around neck)
Magical devices
 k - a wand of frost (24)
 q - a wand of confusion (26)
 w - a wand of random effects (22)
Scrolls
 h - a scroll of enchant weapon
 j - a scroll of enchant armour {unknown}
 l - a scroll of fog {unknown}
 r - 3 scrolls of immolation {unknown}
 u - 3 scrolls of remove curse {unknown}
 y - a scroll of teleportation {unknown}
Potions
 i - a potion of cancellation
 m - a potion of haste
 n - 2 potions of brilliance
 p - a potion of cure mutation
 t - a potion of curing
Books
 g - a book of Beasts

   Spells                             Type                      Level
   a - Summon Butterflies             Summoning                    1
   b - Call Canine Familiar           Summoning                    3
   c - Summon Ice Beast               Ice/Summoning                4
   d - Summon Mana Viper              Hexes/Summoning              5
   e - Summon Hydra                   Summoning                    7
Comestibles
 e - 3 bread rations
 f - 2 fruits
 z - a royal jelly


   Skills:
 + Level 4.7 Fighting
 + Level 5.7 Maces & Flails
 - Level 2.1 Throwing
 - Level 2.6 Dodging
 + Level 1.5 Evocations


You had 4 spell levels left.
You didn't know any spells.

Dungeon Overview and Level Annotations

Branches:
Dungeon (4/15)
 Temple: D:4-7

Altars:
Okawaru
Yredelemnul
The Shining One


Innate Abilities, Weirdness & Mutations

You are too large for most types of armour.
You have tough skin (AC +1).


Message History

The orc wizard flickers and vanishes!
Unknown command.
You barely miss something. Something hits you.
* * * LOW HITPOINT WARNING * * *
You miss something. Something completely misses you.
You hear some strange, mumbled words.
Something hits you but does no damage.
It was a potion of curing.
You feel better. Something hits you.
* * * LOW HITPOINT WARNING * * *
Something hits you.
* * * LOW HITPOINT WARNING * * *
As you read the scroll labeled HOINUL HIRA, it crumbles to dust.
It is a scroll of enchant weapon.
Enchant which weapon? (? for menu, Esc to quit)
Your +0 flail glows red for a moment.
Something hits you but does no damage.
You hit something. Something hits you but does no damage.
You hear some strange, mumbled words.
A puff of flame appears from out of thin air!
The puff of flame hits you!
You die...

.# ............
##########.###............#
.........................>.
#..o.o..### #########.##
#..oo.....# #.# #.###o###.#
#.# #.# #.# #.##
..###o###.# #.#.
..'.o{{@'.###########.#.
..#######.............#.
### #..############. ###
#..# #...<<#. ......##
#.##.##. ....### #.##.##.
##### #.##.##. #.##.###
#.##....


You could see an orc wizard and an orc.

Vanquished Creatures
  A hound (D:4)
  A giant frog skeleton (D:4)
  3 adders
  An ooze (D:3)
  2 worms
  A giant gecko (D:3)
  A ball python (D:1)
  5 bats
  6 goblins
  6 hobgoblins
  4 kobolds
  A quokka (D:3)
  3 giant cockroaches
  3 giant newts
  10 rats
48 creatures vanquished.

Notes
Turn   | Place    | Note
--------------------------------------------------------------
     0 | D:1      | TruthSerum the Ogre Gladiator began the quest for the Orb.
     0 | D:1      | Reached XP level 1. HP: 22/22 MP: 1/1
   308 | D:1      | Reached XP level 2. HP: 29/31 MP: 2/2
   818 | D:2      | Reached XP level 3. HP: 31/39 MP: 3/3
  1121 | D:2      | Found an iron altar of Okawaru.
  1458 | D:3      | Found a glowing golden altar of the Shining One.
  1496 | D:3      | Reached skill level 5 in Maces & Flails
  1578 | D:3      | Reached XP level 4. HP: 48/48 MP: 4/4
  1975 | D:3      | Reached skill level 1 in Evocations
  2218 | D:4      | Reached XP level 5. HP: 47/55 MP: 6/6
  2240 | D:4      | Found a basalt altar of Yredelemnul.
  2272 | D:4      | HP: 2/55 [orc wizard/dagger (2)]
  2277 | D:4      | Killed from afar by an orc wizard

Vault maps used:
D:1:      lemuel_arrival_river_ford
D:2:      old_standard_altar, first_bread
D:3:      overflow_temple_1_default
D:4:      lemuel_doored_altar, uniq_eustachio

Action                   |  1- 3 |  4- 6 || total
-------------------------+-------+-------++-------
Melee: Flail             |    98 |    63 ||   161
  Use: Scroll            |       |     7 ||     7
       Potion            |       |     1 ||     1
 Stab: Sleeping          |     3 |     1 ||     4
  Eat: Chunk             |     1 |     4 ||     5
